Map: Cyber Forest LE

Players

liquidthermy (uThermal) - Winner!

  • Race: Terran Terran
  • Spawn Location: 5:00

RlSky (RiSky)

  • Race: Zerg Zerg
  • League: Master
  • Spawn Location: 11:00

Event: HomeStory Cup XIX

VOD

Have the link to the VOD?

Description

Time

  • Played on: June 27, 2019, 5:19 p.m.
  • Length: 8:09

All games in this series

Show
View Real Time Build Order
Export as new Build Order

liquidthermy Terran - Winner!

Build Orders: Reaper Expand, Hellion Banshee 

Get SALT Encoding   

  12  0:01  SCV  
  13  0:13  SCV  
  14  0:16  Supply Depot  
  14  0:25  SCV  
  15  0:38  SCV  
  15  0:39  Barracks  
  16  0:43  Refinery  
  16  0:50  SCV  
  17  1:02  SCV  
  18  1:14  SCV  
  19  1:26  Orbital Command, Reaper  
  20  1:40  Command Center  
  20  1:49  Supply Depot  
  20  1:52  SCV  
  21  1:58  Marine  
  22  2:04  SCV  
  22  2:07  Factory  
  23  2:15  Refinery  
  23  2:16  SCV  
  23  2:19  Barracks Reactor  
  24  2:28  SCV  
  24  2:40  SCV  
  25  2:52  SCV  
  25  2:53  Orbital Command  
  25  2:54  Starport  
  26  2:59  Hellion  
  26  3:00  Hellion  
  26  3:03  Barracks Tech Lab  
  26  3:04  SCV  
  31  3:17  SCV  
  31  3:19  SCV  
  32  3:21  Hellion  
  32  3:22  Hellion  
  36  3:29  SCV  
  36  3:32  Supply Depot  
  37  3:36  SCV  
  37  3:39  Banshee  
  37  3:41  SCV, Cloaking Field  
  42  3:45  Hellion  
  44  3:49  Hellion  
  44  3:54  SCV x2  
  48  3:57  Supply Depot  
  48  4:05  Armory  
  48  4:06  SCV, Hellion  
  51  4:11  Hellion  
  51  4:16  Supply Depot  
  54  4:17  SCV  
  54  4:19  SCV  
  54  4:22  Banshee  
  58  4:28  Hellion  
  60  4:31  SCV  
  60  4:32  SCV  
  60  4:38  Supply Depot, Hellion  
  64  4:43  SCV  
  65  4:47  SCV  
  65  4:49  Hellion  
  68  4:57  Command Center  
  68  4:59  Hellion  
  70  5:04  SCV  
  71  5:12  Hellion  
  71  5:23  Hellion  
  71  5:24  Banshee, Barracks Tech Lab  
  71  5:25  SCV, Factory  
  71  5:27  Factory  
  77  5:28  SCV  
  72  5:38  SCV  
  72  5:39  Hellion  
  73  5:44  Hellion  
  73  5:47  SCV  
  65  5:59  SCV  
  65  6:00  Hellion  
  65  6:03  Refinery x2  
  66  6:06  Hellion  
  66  6:07  Banshee, SCV  
  66  6:09  Barracks Tech Lab  
  72  6:11  SCV  
  72  6:17  Factory Tech Lab  
  77  6:25  Cyclone, Mag-Field Accelerator  
  77  6:26  Hellbat  
  77  6:27  Hellion  
  77  6:28  SCV  
  77  6:30  SCV  
  80  6:39  Cyclone  
  76  6:40  SCV  
  76  6:42  SCV  
  76  6:48  Hellion  
  76  6:50  Banshee  
  76  6:52  SCV  
  76  6:53  Orbital Command  
  80  6:54  SCV  
  80  6:56  Hellion  
  80  6:57  Cyclone  
  86  7:04  SCV  
  86  7:06  SCV  
  83  7:10  Refinery  
  83  7:11  Refinery  
  83  7:13  Cyclone, Supply Depot  
  84  7:15  Hellion  
  84  7:17  SCV  
  84  7:18  SCV  
  84  7:26  SCV  
  84  7:29  SCV  
  89  7:30  SCV, Cyclone  
  90  7:38  SCV  
  90  7:39  Hellion  
  90  7:40  Supply Depot  
  90  7:41  SCV  
  98  7:44  SCV  
  98  7:45  Hellion  
  98  7:49  Supply Depot  
  98  7:51  SCV, Supply Depot  
Show
View Real Time Build Order
Export as new Build Order

RlSky Zerg 

Build Orders: Hatch First 

Get SALT Encoding   

  12  0:00  Drone  
  13  0:11  Overlord  
  13  0:16  Drone  
  14  0:30  Drone x2  
  16  0:47  Hatchery  
  15  0:51  Drone  
  15  0:55  Drone  
  17  0:58  Drone  
  18  1:09  Extractor  
  17  1:14  Spawning Pool  
  17  1:16  Drone  
  17  1:20  Drone  
  18  1:27  Drone  
  19  1:38  Drone  
  20  1:48  Overlord  
  20  2:00  Queen x2  
  20  2:01  Zergling x4  
  26  2:10  Drone x2  
  28  2:24  Spore Crawler  
  28  2:27  Spore Crawler  
  26  2:31  Drone x2  
  26  2:35  Hatchery  
  29  2:38  Metabolic Boost  
  29  2:41  Drone  
  30  2:45  Drone  
  31  2:51  Queen  
  31  2:56  Overlord  
  33  3:01  Drone x2  
  33  3:02  Drone  
  36  3:15  Drone  
  36  3:16  Drone x5  
  42  3:21  Queen  
  44  3:34  Overlord  
  44  3:46  Queen  
  46  3:49  Drone x2  
  46  3:50  Queen  
  46  3:53  Overlord  
  50  3:58  Lair  
  50  4:01  Overlord  
  50  4:04  Drone, Extractor  
  50  4:12  Overlord x2  
  50  4:13  Drone x7  
  57  4:17  Baneling Nest  
  57  4:18  Zergling x2  
  57  4:20  Zergling x2  
  58  4:25  Drone  
  58  4:26  Queen  
  58  4:31  Drone  
  62  4:32  Zergling x4  
  62  4:34  Drone  
  62  4:36  Drone  
  62  4:37  Drone  
  67  4:41  Drone  
  67  4:43  Drone  
  69  4:47  Queen  
  69  4:50  Spore Crawler  
  69  4:51  Spore Crawler x2  
  68  4:55  Drone  
  68  4:56  Drone x2  
  68  4:57  Drone  
  72  5:00  Drone  
  72  5:01  Drone  
  72  5:06  Zergling x10  
  78  5:12  Baneling x5  
  78  5:13  Baneling x4  
  78  5:14  Zergling x2  
  78  5:15  Zergling x2  
  78  5:19  Zergling x6  
  70  5:35  Overseer  
  70  5:36  Drone  
  70  5:37  Drone  
  70  5:42  Drone x5, Queen x2  
  66  5:50  Zergling x6  
  63  5:57  Queen  
  63  5:59  Zergling x2  
  63  6:00  Zergling x4  
  65  6:12  Zergling x2  
  65  6:13  Zergling x4  
  65  6:18  Queen x2  
  64  6:21  Zergling x4  
  66  6:27  Zergling x2  
  64  6:33  Queen  
  64  6:34  Zergling x2  
  64  6:35  Zergling x4  
  57  6:48  Zergling x6  
  57  6:53  Drone  
  57  6:54  Queen x2  
  57  6:57  Drone  
  59  7:02  Drone  
  59  7:08  Drone, Queen  
  57  7:10  Drone  
  57  7:15  Drone x2  
  61  7:19  Drone  
  61  7:20  Drone  
  61  7:25  Drone  
  61  7:29  Spire  
  61  7:30  Drone x2  
  61  7:32  Extractor  
  61  7:35  Drone  
  63  7:37  Drone  
  63  7:38  Baneling x4  
  63  7:39  Drone, Extractor  
  64  7:49  Drone x3  
  64  7:51  Drone x2  
  69  8:02  Hatchery  
Tags
 
Add a new tag
Caveats
  • Supply blocks, unpowered buildings, or Contaminate may cause inaccurate times.
  • Supply counts are checked every 10 seconds.